Map: Dusk Towers

Players

Zerg - Winner!

  • Race: Protoss Protoss
  • League: Gold

Grumm

  • Race: Protoss Protoss
  • League: Gold

VOD

Have the link to the VOD?

Description

Time

  • Played on: Jan. 13, 2016, 12:37 a.m.
  • Length: 6:58
Show
View Real Time Build Order
Export as new Build Order

Zerg Protoss - Winner!

Build Orders: Oracle Opening 

Get SALT Encoding   

  12  0:01  Probe (Chrono Boost)  
  13  0:13  Pylon  
  13  0:19  Probe (Chrono Boost)  
  14  0:29  Probe (Chrono Boost)  
  14  0:33  Gateway  
  15  0:40  Probe (Chrono Boost)  
  16  0:50  Probe (Chrono Boost)  
  16  0:56  Assimilator  
  17  1:01  Assimilator, Probe (Chrono Boost)  
  18  1:10  Pylon  
  18  1:11  Probe (Chrono Boost)  
  19  1:24  Cybernetics Core  
  20  1:25  Probe (Chrono Boost)  
  20  1:48  Pylon  
  20  1:50  Probe (Chrono Boost)  
  23  2:01  Mothership Core (Chrono Boost)  
  23  2:05  Pylon  
  23  2:12  Stalker  
  23  2:14  Warp Gate  
  25  2:30  Stargate  
  25  2:43  Probe (Chrono Boost)  
  26  2:51  Nexus  
  26  3:07  Probe (Chrono Boost)  
  27  3:13  Oracle (Chrono Boost)  
  27  3:17  Probe  
  31  3:25  Gateway  
  31  3:33  Gateway  
  31  3:45  Oracle (Chrono Boost)  
  34  3:51  Probe  
  35  4:03  Probe  
  36  4:27  Void Ray (Chrono Boost)  
  36  4:29  Stalker x3  
  46  5:02  Pylon  
  46  5:05  Void Ray (Chrono Boost)  
  50  5:08  Pylon  
  50  5:35  Zealot  
  50  5:36  Zealot x2  
  50  5:42  Void Ray (Chrono Boost)  
  60  5:47  Pylon  
  60  5:51  Pylon  
  58  6:18  Twilight Council  
  58  6:20  Zealot  
  58  6:21  Zealot, Sentry  
  64  6:32  Pylon  
  64  6:38  Pylon, Probe  
  64  6:39  Assimilator  
  64  6:40  Probe  
  64  6:46  Assimilator  
Show
View Real Time Build Order
Export as new Build Order

Grumm Protoss 

Build Orders:  

Get SALT Encoding   

  12  0:01  Probe (Chrono Boost)  
  13  0:16  Pylon  
  13  0:18  Probe (Chrono Boost)  
  15  0:28  Probe (Chrono Boost)  
  15  0:37  Gateway  
  15  0:41  Probe (Chrono Boost)  
  17  0:57  Probe (Chrono Boost)  
  17  0:59  Assimilator  
  17  1:16  Gateway  
  17  1:23  Probe (Chrono Boost)  
  20  1:33  Probe (Chrono Boost)  
  19  1:55  Nexus  
  19  2:10  Cybernetics Core  
  19  2:12  Probe (Chrono Boost)  
  20  2:25  Pylon  
  20  2:34  Probe (Chrono Boost)  
  20  2:45  Probe (Chrono Boost)  
  20  2:47  Robotics Facility  
  20  2:50  Warp Gate (Chrono Boost)  
  21  3:05  Assimilator  
  21  3:07  Stalker (Chrono Boost)  
  21  3:12  Probe  
  24  3:18  Pylon  
  24  3:24  Probe  
  24  3:25  Probe  
  26  3:42  Pylon  
  26  3:51  Immortal (Chrono Boost)  
  30  3:56  Adept  
  24  4:29  Probe  
  19  5:00  Stalker  
  19  5:02  Probe, Zealot  
  19  5:04  Probe  
  25  5:14  Probe (Chrono Boost)  
  25  5:16  Probe (Chrono Boost)  
  27  5:25  Stalker  
  27  5:27  Probe (Chrono Boost)  
  28  5:54  Stalker  
  28  5:55  Stalker  
  28  5:56  Probe x2 (Chrono Boost)  
  31  6:07  Probe (Chrono Boost)  
  31  6:09  Probe (Chrono Boost)  
  32  6:19  Probe (Chrono Boost)  
  32  6:23  Mothership Core (Chrono Boost)  
Tags
 
Add a new tag
Caveats
  • Supply blocks, unpowered buildings, or Contaminate may cause inaccurate times.
  • Supply counts are checked every 10 seconds.